 Dungeon Crawl Stone Soup version 0.29-a0-344-ge2f44be95a (webtiles) character file.

Game seed: 16132918573291483579

122 spaghetti the Ruffian (level 4, -3/39 HPs)
             Began as a Demigod Fighter on Apr 21, 2022.
             Slain by a shadow imp (4 damage)
             ... summoned by Natasha
             ... on level 2 of the Dungeon.
             The game lasted 00:04:01 (2748 turns).

spaghetti the Ruffian (Demigod Fighter)             Turns: 2748, Time: 00:04:02

Health: -3/39      AC:  7    Str: 21    XL:     4   Next: 50%
Magic:  15/15      EV:  9    Int: 10    God:
Gold:   67         SH:  4    Dex: 13    Spells: 3/3 levels left

rFire   . . .      SeeInvis .     - Unarmed
rCold   . . .      Faith    .   b - +0 buckler
rNeg    . . .      Spirit   .   a - +0 scale mail
rPois   .          Reflect  .   m - +0 helmet
rElec   .          Harm     .   (no cloak)
rCorr   .          Rampage  .   (no gloves)
Will    .....                   (no boots)
Stlth   ..........              (no amulet)
HPRegen 0.13/turn               e - ring of magical power
MPRegen 0.14/turn               (no ring)

@: no status effects
A: high MP 1, forlorn, divine attributes
a: no special abilities


You were on level 2 of the Dungeon.
You visited 1 branch of the dungeon, and saw 3 of its levels.

You collected 67 gold pieces.


Innate Abilities, Weirdness & Mutations

You have an increased reservoir of magic. (+10% MP)
You shall have no god before yourself.
Your divine heritage dramatically boosts your attributes as you level up.


   Skills:
 + Level 3.6 Fighting
 - Level 2.6 Armour
 - Level 2.6 Shields
 * Level 3.9 Unarmed Combat


You had 3 spell levels left.
You didn't know any spells.
Your spell library contained the following spells:

 Spells                   Type           Power      Damage    Failure   Level
 Animate Skeleton         Necr           0%         N/A       80%         1
 Pain                     Necr           0%         1d4       80%         1
 Vampiric Draining        Necr           0%         2d6       99%         3

Inventory:

Hand Weapons
 f - a +0 club {mace}
   (You took it off a goblin on level 1 of the Dungeon)
 g - a +0 dagger {short}
   (You took it off a kobold on level 1 of the Dungeon)
 h - a +0 dagger {short}
   (You took it off a goblin on level 1 of the Dungeon)
 i - a +0 dagger {short}
   (You took it off a goblin on level 1 of the Dungeon)
 n - a +0 dagger {short}
   (You took it off a goblin on level 1 of the Dungeon)
 o - a +1 vorpal hand axe {axe}
   (You found it on level 1 of the Dungeon)
 q - a +0 whip {mace}
   (You took it off a kobold on level 1 of the Dungeon)
 s - a +0 club {mace}
   (You took it off a goblin on level 1 of the Dungeon)
 u - a +0 whip {mace}
   (You took it off a kobold on level 1 of the Dungeon)
Missiles
 d - 55 stones (quivered) {throwing}
 j - 8 poisoned darts {throwing}
 l - 5 javelins {throwing}
Armour
 a - a +0 scale mail (worn)
 b - a +0 buckler (worn)
 m - a +0 helmet (worn)
   (You found it on level 1 of the Dungeon)
Jewellery
 e - a ring of magical power (left hand)
   (You found it on level 1 of the Dungeon)
Scrolls
 c - a scroll of vulnerability {unknown}
 k - a scroll of identify {unknown}
 p - a scroll of noise {unknown}
 t - a scroll of teleportation {unknown}
 v - 2 scrolls of enchant armour {unknown}

Dungeon Overview and Level Annotations

Branches:
Dungeon (3/15)

Shops:
D:2 *?

Annotations:
D:2 Natasha

#####..##...........
#...#...#......##...
#..#.#..........<...
##.#...#.............
##.#..∩..#......#.....
##...#...#...#.#.#.....
#.....#.#....... .....
#......#........ ....
#....5@5........ g...
##$...hw....... ....
#.........#.... ....
#.......###....
#......$# #. ##..(.(##
##...## ####


You could see Natasha, 2 shadow imps and a dart slug.


Message History

You hit the worm. The worm bites you. 😕 HP[-3]
You take 3 damage, and now have 30/38 hp.
You hit the worm.
You kill the worm!
Key pressed, stopping explore.
Key pressed, stopping explore.
c - a scroll labelled HECADA ISTANN 😎 HP[+8]
Your hp is fully restored (38).
You now have 67 gold pieces (gained 16).
Found Ukor's General Store.
No target in view!
An endoplasm comes into view.
The endoplasm quivers.
An endoplasm is nearby!
An endoplasm is nearby!
A bat comes into view.
The bat moves out of view.
You hit the bat.
You kill the bat!
You hit the endoplasm.
The endoplasm hits you but does no damage.
You barely miss the endoplasm. The endoplasm completely misses you.
You hit the endoplasm.
You kill the endoplasm! 😎 HP[+1]
You now have 39 max hp (+1).
Your hp is fully restored (39).
No target in view!
No target in view!
No target in view!
No target in view!
No target in view!
No target in view!
No target in view!
No target in view!
No target in view!
No target in view!
There is an entrance to Ukor's General Store here.
Unknown command.
Natasha and a dart slug come into view.
Natasha is carrying a wand of digging (5).
Natasha hisses angrily.
Natasha barely misses you.
You closely miss Natasha.
Natasha casts a spell.
You hit Natasha. Natasha closely misses you.
You hit Natasha. The shadow imp gestures at you. Pain shoots through your body!
Natasha barely misses you.
You are too injured to fight recklessly!
You are too injured to fight recklessly! 😮 HP[-11]
You take 11 damage, and now have 28/39 hp.
MASSIVE DAMAGE!! (PAUSE)
You closely miss Natasha. Natasha barely misses you.
You closely miss Natasha. The shadow imp hits you. The dart slug bites you.
Natasha completely misses you. 😮 HP[-5]
You take 5 damage, and now have 23/39 hp.
You hit Natasha. The shadow imp hits you.
Natasha mewls in sadness.
Natasha claws you.
* * * LOW HITPOINT WARNING * * *
The dart slug launches a dart at you. The slug dart misses you. 😨 HP[-6]
You take 6 damage, and now have 17/39 hp.
Unknown command.
Unknown command.
You hit Natasha. The shadow imp gestures at you. Pain shoots through your body!
* * * LOW HITPOINT WARNING * * *
You block Natasha's attack.
The dart slug barely misses you. 😱 HP[-13]
You take 13 damage, and now have 4/39 hp.
MASSIVE DAMAGE!! (PAUSE) It was a potion of cancellation.
You feel magically purged. The shadow imp hits you.
* * * LOW HITPOINT WARNING * * *
Natasha mumbles some strange words. 😱 HP[-3]
You take 3 damage, and now have 1/39 hp.
It was a potion of magic.
Magic courses through your body.
The shadow imp sputters.
The shadow imp completely misses you. You block Natasha's attack.
The dart slug launches a dart at you.
The slug dart hits you but does no damage.
You aren't carrying any items that you can evoke.
Unknown command.
Throw: 6 javelins {throwing}
Press: ? - help, Shift-Dir - straight line, f - Natasha
Aim: Natasha, carrying a wand of digging (5) (heavily wounded, 50% to hit)
You throw a javelin {throwing}.
The javelin {throwing} closely misses Natasha.
The shadow imp hits you.
* * * LOW HITPOINT WARNING * * *
You block Natasha's attack. The shadow imp hits you.
You die...

Skill      XL: |  1  2  3 |
---------------+----------+-----
Unarmed Combat | 2 3 |  3.9
Fighting       | 3 |  3.6
Armour         | |  2.6
Shields        | |  2.6

Action                   |  1- 3 |  4- 6 || total
-------------------------+-------+-------++-------
Melee: Unarmed           |   173 |    72 ||   245
Throw: Stone             |    25 |       ||    25
       Javelin           |       |     1 ||     1
  Use: Potion            |     6 |     2 ||     8
Armor: Scale mail        |    72 |    28 ||   100
Dodge: Dodged            |    71 |    29 ||   100
Block: Buckler           |    39 |    20 ||    59

Levels and vault maps discovered:
D:1:      onia_arrival_mini_spirals, layout_loops_ring,
          chequers_ecumenical_altar_simple_redux, nrook_campfire,
          minmay_tetromino_t4
D:2:      layout_rooms, serial_shops, nicolae_diamond_shop, shop,
          nicolae_shop_stone, nicolae_lakefront_shop, basic_altar, minivault_19,
          uniq_terence, uniq_natasha
D:3:      layout_loops_cross, grunt_temple_overflow_open, serial_shops,
          nicolae_shop_temple_entry_statues_fountains

Notes
Turn   | Place    | Note
-------+----------+-------------------------------------------
     0 | D:1      | spaghetti the Demigod Fighter began the quest for the Orb.
     0 | D:1      | Reached XP level 1. HP: 18/18 MP: 3/3
     0 | D:1      | magus.rc [v1.9.6]
   146 | D:1      | Reached skill level 2 in Unarmed Combat
   174 | D:1      | Reached XP level 2. HP: 14/25 MP: 4/4
   545 | D:1      | Reached skill level 3 in Fighting
   596 | D:1      | You pick up a book of Necromancy and begin reading...
   596 | D:1      | You add the spells Pain, Animate Skeleton and Vampiric
                  | Draining to your library.
  1454 | D:1      | Reached XP level 3. HP: 31/31 MP: 5/5
  1607 | D:1      | Reached skill level 3 in Unarmed Combat
  1761 | D:2      | Noticed Terence
  1772 | D:2      | Killed Terence
  1943 | D:2      | Found Telunui's Magic Scroll Boutique.
  2035 | D:2      | HP: 5/31 [worm (3)]
  2418 | D:3      | Reached XP level 4. HP: 32/38 MP: 6/6
  2723 | D:2      | Found Ukor's General Store.
  2736 | D:2      | Noticed Natasha
  2745 | D:2      | HP: 4/39 [shadow imp/nerve-wracking pain[Natasha] (13)]
  2746 | D:2      | HP: 1/39 [shadow imp[Natasha] (3)]
  2748 | D:2      | Slain by a shadow imp

Vanquished Creatures
  Terence (D:2)
  An iguana (D:3)
  2 worms (D:2)
  2 dart slugs (D:1)
  6 ball pythons
  5 endoplasms
  A giant cockroach (D:1)
  7 goblins
  8 hobgoblins
  4 jackals (D:2)
  4 kobolds
  6 quokkas (D:1)
  4 bats
  3 rats (D:1)
54 creatures vanquished.

Table legend:
 A = Non-vault XP
 B = Vault XP
 C = Vault XP percentage of total XP
 D = Non-vault monster count
 E = Vault monster count
 F = Vault count percentage of total count
                 A         B        C        D         E       F
            +---------+---------+-------+---------+---------+-------
      Total |     135 |      40 |  22.9 |      51 |       3 |   5.6
            +---------+---------+-------+---------+---------+-------
        D:1 |      52 |       4 |   7.1 |      28 |       2 |   6.7
        D:2 |      46 |      36 |  43.9 |      21 |       1 |   4.5
        D:3 |      37 |       0 |   0.0 |       2 |       0 |   0.0
            +---------+---------+-------+---------+---------+-------

Illustrated notes

Table legend:
 A = Kills in this place as a percentage of kills in entire the game.
 B = Kills by you in this place as a percentage of kills by you in the entire game.
 C = Kills by friends in this place as a percentage of kills by friends in the entire game.
 D = Other kills in this place as a percentage of other kills in the entire game.
 E = Experience gained in this place as a percentage of experience gained in the entire game.
 F = Experience gained in this place divided by the number of levels of this place that you have seen.
                   A       B       C       D       E      F
               +-------+-------+-------+-------+-------+----------------------
         Total | 100.0 | 100.0 |   N/A |   N/A | 100.0 |  58.3
       Dungeon | 100.0 | 100.0 |   N/A |   N/A | 100.0 |  58.3
               +-------+-------+-------+-------+-------+----------------------

Table legend: (Time is in decaauts)
 A = Elapsed time spent in this place.
 B = Non-inter-level travel time spent in this place.
 C = Inter-level travel time spent in this place.
 D = Time resting spent in this place.
 E = Time spent auto-exploring this place.
 F = Levels seen in this place.
 G = Mean time per level.
                   A        B        C        D        E       F      G
               +--------+--------+--------+--------+--------+-----+--------+
         Total |   2743 |   2668 |     75 |    530 |   1684 |   3 |  914.3 |
       Dungeon |   2743 |   2668 |     75 |    530 |   1684 |   3 |  914.3 |
               +--------+--------+--------+--------+--------+-----+--------+

Top non-repeatable levels by time:
     D:1: 1743 daAuts
     D:2: 879 daAuts
     D:3: 120 daAuts
